 Dungeon Crawl Stone Soup version 0.21.1-1-g345015f (webtiles) character file.

79 letownia2 the Poker (level 4, 0/33 HPs)
             Began as a Merfolk Skald on Mar 12, 2018.
             Shot with an arrow by a centaur (10 damage)
             ... on level 5 of the Dungeon.
             The game lasted 00:02:39 (377 turns).

letownia2 the Poker (Merfolk Skald)                  Turns: 377, Time: 00:02:40

Health: 0/33       AC:  4    Str: 11    XL:     4   Next: 38%
Magic:  1/7        EV: 12    Int: 13    God:
Gold:   11         SH:  0    Dex: 13    Spells: 1/7 levels left

rFire    . . .     SeeInvis .   a - +0 spear
rCold    . . .     Gourm    .   (no shield)
rNeg     . . .     Faith    .   b - +0 leather armour
rPois    .         Spirit   .   (no helmet)
rElec    .         Reflect  .   (no cloak)
rCorr    .         Harm     .   (no gloves)
MR       .....                  h - +0 pair of boots
Stlth    +.........             (no amulet)
HPRegen  0.11/turn              (no ring)
MPRegen  0.10/turn              (no ring)

@: very slightly contaminated
A: change form in water, swift swim, stealthy swim
a: no special abilities


You were on level 5 of the Dungeon.
You were not hungry.

You visited 1 branch of the dungeon, and saw 5 of its levels.

You collected 11 gold pieces.

Inventory:

Hand Weapons
 a - a +0 spear (weapon)
Armour
 b - a +0 leather armour (worn)
 h - a +0 pair of boots (worn)
Wands
 i - a wand of scattershot (3)
Scrolls
 e - a scroll of amnesia {unknown}
Potions
 f - a potion of mutation {unknown}
Books
 c - a book of Battle

   Spells                             Type                      Level
   a - Infusion                       Charms                       1
   b - Shroud of Golubria             Charms/Translocation         2
   c - Song of Slaying                Charms                       2
   d - Spectral Weapon                Hexes/Charms                 3
   e - Regeneration                   Charms/Necromancy            3
Comestibles
 d - 4 rations


   Skills:
 - Level 2.1 Fighting
 - Level 5.3 Polearms
 - Level 0.6 Armour
 - Level 2.6 Dodging
 - Level 2.0 Spellcasting
 + Level 1.1 Hexes
 - Level 3.2 Charms
 + Level 1.4 Translocations


You had one spell level left.
You knew the following spells:

 Your Spells              Type           Power        Failure   Level  Hunger
a - Infusion              Chrm           #...         9%          1    ##.....
t - Shroud of Golubria    Chrm/Tloc      #.........   19%         2    ###....
x - Spectral Weapon       Hex/Chrm       #.......     38%         3    ####...


Dungeon Overview and Level Annotations

Branches:
Dungeon (5/15)
 Temple: D:4-7

Altars:
Gozag
Makhleb
Vehumet


Message History

The hound bites you.
* * * LOW HITPOINT WARNING * * *
The hound bites you but does no damage.
You closely miss the hound.
The hound is moderately wounded.
The hound closely misses you.
Unknown command.
Evoke which item? (* to show all) (? for menu, Esc to quit)
Aiming: Scattershot
Press: ? - help, Shift-Dir - straight line, f/p - hound
Aim: a hound (moderately wounded)
The burst of metal fragments hits the hound. x2
You kill the hound!
Your Hexes skill increases to level 1!
You have reached level 4!
Unknown command.
Unknown command.
d - 4 rations (gained 1)
A centaur comes into view.
The centaur wields a shortbow.
The centaur shoots an arrow.
The arrow hits you!
You die...

#.# #.######
#.####......#
#######.##........##
.......<...##...._∩#
####.###..###.....##
##..# ###...#
......###.###
####...#...#
#.#..@### #......#
#..###... .... #....
$.# ...c.. . ......
..### ..#


You could see a centaur.

Vanquished Creatures
  A hound (D:5)
  Natasha (D:4)
  A dart slug (D:2)
  3 orcs (D:3)
  3 bats
  A giant cockroach (D:3)
  A goblin (D:2)
  2 hobgoblins (D:3)
  A frilled lizard (D:4)
  3 kobolds
  2 rats (D:2)
19 creatures vanquished.

Vanquished Creatures (others)
  An orc wizard (D:3)
1 creature vanquished.

Grand Total: 20 creatures vanquished

Notes
Turn   | Place    | Note
-------+----------+-------------------------------------------
     0 | D:1      | letownia2 the Merfolk Skald began the quest for the Orb.
     0 | D:1      | Reached XP level 1. HP: 16/16 MP: 3/3
    37 | D:2      | Reached skill level 4 in Polearms
    37 | D:2      | Reached XP level 2. HP: 22/22 MP: 5/5
    46 | D:2      | Learned a level 2 spell: Shroud of Golubria
    59 | D:2      | Found an opulent altar of Gozag.
   199 | D:3      | Reached skill level 1 in Translocations
   204 | D:4      | Noticed an ogre
   241 | D:3      | Found a radiant altar of Vehumet.
   308 | D:4      | Reached XP level 3. HP: 27/27 MP: 3/6
   327 | D:4      | Noticed Natasha
   337 | D:4      | Killed Natasha
   337 | D:4      | Reached skill level 5 in Polearms
   348 | D:4      | Learned a level 3 spell: Spectral Weapon
   349 | D:5      | Entered Level 5 of the Dungeon
   354 | D:5      | Found a burning altar of Makhleb.
   369 | D:5      | Reached skill level 1 in Hexes
   369 | D:5      | Reached XP level 4. HP: 9/33 MP: 0/7
   377 | D:5      | Noticed a centaur
   377 | D:5      | Shot with an arrow by a centaur

Skill      XL: |  1  2  3 |
---------------+----------+-----
Polearms       | 4 5 |  5.3
Translocations | 1 |  1.4
Hexes          | 1 |  1.1
Fighting       | |  2.1
Armour         | |  0.6
Dodging        | |  2.6
Spellcasting   | |  2.0
Charms         | |  3.2

Action                   |  1- 3 |  4- 6 || total
-------------------------+-------+-------++-------
Melee: Spear             |    98 |       ||    98
 Cast: Shroud of Golubri |     9 |       ||     9
Evoke: Wand              |     2 |     1 ||     3
 Stab: Paralysed         |     6 |       ||     6
Armor: Leather armour    |    14 |       ||    14
Dodge: Dodged            |    65 |       ||    65
